AoeStats
← Pab Mienko

Socotra

504845451Analyzed
2v2 RM · 27d ago on Sep 6, 2026· 62m 43s· 4 players
Game mode
Random Map
Map size
Tiny (2 player)
Population
200
Speed
Normal
Resources
Standard
Victory
Conquest
Starting age
Dark Age
Ending age
Imperial Age
RankedLock teamsTeams togetherTeam positionsShared explorationLock speedFull tech treeHidden civsTurbo modeCheats
Victory
Defeat
🇹🇷 Sicilians · Türkiye
808
+15
🇹🇷 Byzantines · Türkiye
796
+15
🇺🇸 Magyars · United States
788
-15
🇺🇸 Japanese · United States
770
-15
pdubs
7:50 Loom
11:03 Feudal Age
11:57 Double-Bit Axe
14:53 Horse Collar
15:44 Fletching
26:48 Castle Age
25:27 Stone Mining
27:42 Bodkin Arrow
32:06 Pikeman
32:51 Padded Archer Armor
35:31 Bow Saw
36:55 Bloodlines
36:47 Husbandry
37:28 Scale Barding Armor
39:41 Thumb Ring
45:48 Imperial Age
45:16 Corvinian Army
45:41 Heavy Plow
46:37 Recurve Bow
48:16 Conscription
49:54 Heavy Cavalry Archer
55:00 Bracer
56:57 Ballistics
56:27 Elite Magyar Huszar
57:33 Chain Barding Armor
57:19 Gold Mining
59:30 Chemistry
59:42 Parthian Tactics
ddpubs
7:21 Loom
10:17 Feudal Age
12:15 Double-Bit Axe
17:25 Man-at-Arms
20:24 Horse Collar
29:21 Castle Age
29:22 Gold Mining
29:22 Stone Mining
38:50 Squires
40:11 Forging
40:02 Scale Mail Armor
44:09 Fletching
49:48 Gold Shaft Mining
49:14 Heavy Plow
52:38 Bodkin Arrow
53:20 Iron Casting
53:00 Chain Mail Armor
57:41 Imperial Age
56:07 Gambesons
58:51 Kataparuto
Righteous
1:37 Loom
12:31 Feudal Age
13:03 Double-Bit Axe
13:00 Horse Collar
12:52 Man-at-Arms
13:20 Arson
16:16 Wheelbarrow
20:43 Forging
21:54 Gold Mining
22:47 Scale Mail Armor
27:04 Scale Barding Armor
31:41 Castle Age
31:37 Fletching
31:47 Padded Archer Armor
32:39 Bow Saw
32:32 Heavy Plow
32:05 Long Swordsman
32:33 Gambesons
32:15 Elite Skirmisher
35:51 Chain Mail Armor
36:45 Pikeman
38:13 Squires
39:02 Hand Cart
40:15 Bodkin Arrow
41:26 Iron Casting
42:46 Thumb Ring
44:04 Leather Archer Armor
43:58 Treadmill Crane
44:14 Murder Holes
44:30 Fortified Wall
47:00 Imperial Age
46:34 Husbandry
47:46 Guard Tower
47:43 Arrowslits
48:59 Chemistry
47:26 Heavy Camel Rider
52:10 Keep
52:01 Conscription
53:39 Plate Mail Armor
56:44 Chain Barding Armor
56:24 Bracer
56:55 Ring Archer Armor
59:34 Hoardings
58:39 Halberdier
60:36 Two-Man Saw
62:34 Caravan
Pab Mienko
3:18 Loom
14:08 Feudal Age
17:58 Forging
23:36 Double-Bit Axe
25:28 Fletching
27:47 Wheelbarrow
29:39 Town Watch
34:06 Castle Age
34:25 Scale Mail Armor
35:39 Iron Casting
38:36 Imperial Age
38:58 Murder Holes
41:19 Bodkin Arrow
43:46 Hand Cart
46:47 Town Patrol
47:01 Siege Engineers
48:40 Pikeman
49:22 Squires
52:12 Bow Saw
51:53 Elite Skirmisher
54:16 Horse Collar
54:22 Halberdier
55:45 Bracer
56:55 Ballistics
57:35 Chemistry
57:56 Caravan
59:32 Blast Furnace
58:39 Scale Barding Armor
58:44 Husbandry
58:56 Bloodlines
59:40 Conscription
Connection lost

Rejoining the realm…

Still unreachable

The connection could not be restored.

Session expired

The server has moved on; the page needs a fresh start.